 Dungeon Crawl Stone Soup version 0.20.0-1-g1cb1d84 (webtiles) character file.

184 MDvedh the Chopper (level 5, -2/45 HPs)
             Began as a Minotaur Fighter on May 26, 2017.
             Slain by a gnoll
             ... wielding a +0 halberd
              (5 damage)
             ... on level 2 of the Dungeon.
             The game lasted 00:02:35 (1935 turns).

MDvedh the Chopper (Minotaur Fighter)               Turns: 1935, Time: 00:02:36

Health: -2/45      AC:  9    Str: 20    XL:     5   Next: 36%
Magic:  4/4        EV:  7    Int:  5    God:
Gold:   218        SH:  9    Dex: 11    Spells: 4/4 levels left

rFire    . . .     SeeInvis .   a - +0 war axe
rCold    . . .     Gourm    .   c - +0 shield
rNeg     . . .     Faith    .   b - +0 scale mail
rPois    .         Spirit   .   (helmet restricted)
rElec    .         Reflect  .   y - +0 cloak
rCorr    .         Harm     .   k - +0 pair of gloves
MR       .....                  (no boots)
Stlth    ..........             (no amulet)
Regen    0.2/turn               (no ring)
MPRegen  0.1/turn               (no ring)

@: no status effects
A: retaliatory headbutt, horns 2
a: no special abilities


You were on level 2 of the Dungeon.
You were not hungry.

You visited 1 branch of the dungeon, and saw 3 of its levels.

You collected 218 gold pieces.

Inventory:

Hand Weapons
 a - a +0 war axe (weapon)
Armour
 b - a +0 scale mail (worn)
 c - a +0 shield (worn)
 k - a +0 pair of gloves (worn)
 y - a +0 cloak (worn)
Jewellery
 u - an uncursed ring of stealth {unknown}
Wands
 r - a wand of digging (17/24)
Scrolls
 g - 2 scrolls of fear {unknown}
 h - 2 scrolls of identify {unknown}
 l - a scroll of noise {unknown}
 m - a scroll of enchant armour {unknown}
 s - a scroll of magic mapping {unknown}
 t - 2 scrolls of recharging {unknown}
 x - a scroll of teleportation {unknown}
Potions
 d - a potion of might
 e - a potion of cancellation {unknown}
 i - 2 potions of brilliance {unknown}
 n - 5 potions of curing {unknown}
 p - a potion of ambrosia {unknown}
 q - a potion of lignification {unknown}
 v - a potion of heal wounds {unknown}
Comestibles
 f - 4 bread rations
 j - 2 fruits
 o - a royal jelly
 w - a meat ration


   Skills:
 - Level 3.6 Fighting
 + Level 6.8 Axes
 - Level 3.6 Armour
 - Level 3.6 Shields


You had 4 spell levels left.
You didn't know any spells.

Dungeon Overview and Level Annotations

Branches:
Dungeon (3/15)

Altars:
Xom


Innate Abilities, Weirdness & Mutations

You reflexively headbutt those who attack you in melee.
You have a pair of horns on your head.


Message History

You are too injured to fight recklessly!
The gnoll barely misses you.
You climb upwards.
There is a stone staircase leading down here.
Unknown command.
Unknown command.
You hit the gnoll but do no damage.
The gnoll is severely wounded.
You block the gnoll's attack. The gnoll hits you with a halberd!
* * * LOW HITPOINT WARNING * * *
You barely miss the gnoll. Your headbutt misses the gnoll.
The gnoll is severely wounded.
The gnoll barely misses you.
You barely miss the gnoll. Your headbutt misses the gnoll.
The gnoll is severely wounded.
You block the gnoll's attack.
You hit the gnoll but do no damage.
The gnoll is severely wounded.
The gnoll hits you with a halberd.
You die...

#################
#...............#
#.#############.# #.# #.#
#.#############)##
................@#
#.#############g.# ######
#.#############..# #.....
...........(.....###########.###.
#.############...............# #.
............##...############# #.
#...........##.........# #.
##############.#.#####.#########.
# #...................##.


You could see a gnoll.

Vanquished Creatures
  2 orc wizards (D:3)
  6 gnolls
  An ooze (D:3)
  A worm (D:2)
  2 dart slugs (D:2)
  2 leopard geckos
  3 orcs (D:3)
  4 bats
  2 giant cockroaches
  3 goblins
  9 hobgoblins
  A jackal (D:2)
  12 kobolds
  3 frilled lizards
  3 rats
54 creatures vanquished.

Notes
Turn   | Place    | Note
-------+----------+-------------------------------------------
     0 | D:1      | MDvedh the Minotaur Fighter began the quest for the Orb.
     0 | D:1      | Reached XP level 1. HP: 19/19 MP: 0/0
    23 | D:1      | Reached skill level 3 in Axes
    61 | D:1      | Reached XP level 2. HP: 22/26 MP: 1/1
   307 | D:1      | Reached skill level 4 in Axes
   458 | D:2      | Reached XP level 3. HP: 31/31 MP: 2/2
   817 | D:2      | Found a shimmering altar of Xom.
  1295 | D:3      | Reached skill level 5 in Axes
  1301 | D:3      | Reached XP level 4. HP: 22/39 MP: 3/3
  1453 | D:3      | Reached skill level 6 in Axes
  1456 | D:3      | Reached XP level 5. HP: 23/45 MP: 4/4
  1659 | D:3      | Found a faded altar of an unknown god.
  1932 | D:2      | HP: 2/45 [gnoll/halberd (12)]
  1935 | D:2      | Slain by a gnoll

Skill      XL: |  1  2  3  4 |
---------------+-------------+-----
Axes           | 3 4 5 6 |  6.8
Fighting       | |  3.6
Armour         | |  3.6
Shields        | |  3.6

Action                   |  1- 3 |  4- 6 || total
-------------------------+-------+-------++-------
Melee: War axe           |    91 |    39 ||   130
       Headbutt          |    10 |     3 ||    13
  Eat: Chunk             |     1 |     2 ||     3
Armor: Scale mail        |    37 |    11 ||    48
Dodge: Dodged            |    26 |    12 ||    38
Block: Shield            |    42 |    27 ||    69
